 Dungeon Crawl Stone Soup version 0.13.1-2-gfb2c2b7 (webtiles) character file.

268 Lilouch the Poker (level 4, -2/34 (35) HPs)
             Began as a Demonspawn Chaos Knight on Dec 11, 2013.
             Was a Plaything of Xom.
             Killed by divine providence
             ... invoked by an orc priest
              (10 damage)
             ... on Level 3 of the Dungeon.
             The game lasted 00:05:42 (2584 turns).

Lilouch the Poker (Demonspawn Chaos Knight)         Turns: 2584, Time: 00:05:43

HP  -2/34 (35)   AC 13     Str 13      XL: 4   Next: 23%
MP   4/4         EV  7     Int 14      God: Xom
Gold 184         SH  0     Dex 17      Spells:  0 memorised,  3 levels left

Res.Fire  : . . .   See Invis. : +   a - +0 spear (chaos) {=f}
Res.Cold  : . . .   Warding    : .   o - +1 plate armour
Life Prot.: . . .   Conserve   : .   (no shield)
Res.Poison: .       Res.Corr.  : .   (no helmet)
Res.Elec. : .       Clarity    : .   (no cloak)
Sust.Abil.: . .     Spirit.Shd : .   (no gloves)
Res.Mut.  : .       Stasis     : .   (no boots)
Res.Rott. : .       Flight     : .   (no amulet)
Saprovore : . . .                    (no ring)
                                     f - ring of see invisible {unknown}

@: agile, slightly resistant to hostile enchantments, extremely unstealthy
A: powered by pain 1, AC +1
a: Renounce Religion


You were on level 3 of the Dungeon.
You worshipped Xom.
You were Xom's teddy bear.
You were hungry.

You visited 1 branch of the dungeon, and saw 3 of its levels.

You collected 164 gold pieces.

Inventory:

Hand weapons
 a - a +0,+0 spear of chaos (weapon) {=f}
Armour
 b - a +2 leather armour
 o - a +1 plate armour (worn)
Comestibles
 c - a bread ration
 l - a beef jerky
 m - 2 meat rations
 r - a rotting chunk of adder flesh
 u - an apple
 w - a rotting chunk of rat flesh
Scrolls
 g - 3 scrolls of remove curse {unknown}
 h - a scroll of recharging {unknown}
 i - a scroll of enchant armour {unknown}
 k - 2 scrolls of identify {unknown}
 n - a scroll of fog {unknown}
 p - a scroll of fear {unknown}
 q - a scroll of amnesia {unknown}
 s - a scroll of blinking {unknown}
 t - a scroll of random uselessness {unknown}
 y - a scroll of curse jewellery {unknown}
Jewellery
 f - a ring of see invisible (left hand) {unknown}
Potions
 d - 2 potions of curing
 e - a potion of restore abilities {unknown}
 j - 2 potions of agility {unknown}
 v - a potion of brilliance {unknown}
 x - a potion of poison {unknown}


   Skills:
 - Level 3.4 Fighting
 + Level 3.7 Polearms
 + Level 2.7 Armour
 - Level 0.8 Dodging


You had 3 spell levels left.
You didn't know any spells.

Dungeon Overview and Level Annotations

Branches:
Dungeon (3/27)

Altars:
Cheibriados
Trog
Xom


Innate Abilities, Weirdness & Mutations

You are partially covered in rugged brown scales (AC +1, +3% HP).
You sometimes gain a little power by taking damage.


Message History

The orc priest hits you but does no damage.
The orc hits you with an orcish hand axe.
Your plate armour prevents you from hitting the orc priest.
The orc priest is heavily wounded.
The orc priest looks more healthy.
The orc hits you but does no damage.
The orc priest hits you but does no damage.
You closely miss the orc priest.
The orc priest is severely wounded.
The orc hits you with an orcish hand axe.
The orc hits you with an orcish flail!
* * * LOW HITPOINT WARNING * * *
You focus on the pain.
You feel more agile all of a sudden.
The orc priest's eyes start to glow.
You hit the orc priest but do no damage.
The orc priest is severely wounded.
The orc hits you but does no damage.
The orc priest invokes the aid of Beogh against you.
Something smites you!
You die... o

#. #o #o #. #.
#.
#######'########
........o@.....#
........oo.....#
...............#
...............#
###...........#
####'########
#.#
##'##########
#...........#


You could see an orc priest and 2 orcs.

Vanquished Creatures
  An adder (D:3)
  A giant centipede (D:2)
  A worm (D:2)
  4 giant geckos
  9 bats
  4 giant cockroaches (D:1)
  7 goblins
  8 hobgoblins
  3 quokkas
  11 giant newts
  4 jackals (D:1)
  7 kobolds
  12 rats
72 creatures vanquished.

Notes
Turn   | Place    | Note
--------------------------------------------------------------
     0 | D:1      | Lilouch, the Demonspawn Chaos Knight, began the quest for the Orb.
     0 | D:1      | Reached XP level 1. HP: 16/16 MP: 1/1
     6 | D:1      | XOM: divination: detect items
   137 | D:1      | XOM: divination: detect creatures
   214 | D:1      | Gained mutation: You are partially covered in rugged brown scales (AC +1, +3% HP). [demonic ancestry]
   214 | D:1      | Reached XP level 2. HP: 10/22 MP: 2/2
   228 | D:1      | XOM: silly message
   688 | D:1      | Gained mutation: You sometimes gain a little power by taking damage. [demonic ancestry]
   688 | D:1      | Reached XP level 3. HP: 19/28 MP: 3/3
   755 | D:1      | XOM: colour smoke trail
  1399 | D:2      | XOM: mild Divn miscast
  1837 | D:2      | XOM: colour smoke trail
  1851 | D:2      | XOM: harmless Hex miscast
  1921 | D:2      | XOM: mild Necr miscast
  1957 | D:2      | XOM: summons 5 hostile shadow creatures
  2335 | D:3      | Reached XP level 4. HP: 31/34 MP: 4/4
  2344 | D:3      | XOM: scenery: create altars
  2381 | D:3      | Found a snail-covered altar of Cheibriados.
  2389 | D:3      | Found a bloodstained altar of Trog.
  2584 | D:3      | Killed from afar by an orc priest

Action                   |  1- 3 |  4- 6 || total
-------------------------+-------+-------++-------
Melee: Spear             |   247 |    38 ||   285
  Use: Potion            |     1 |     1 ||     2
 Stab: Confused          |     2 |       ||     2
       Petrified         |     1 |       ||     1
       Paralysed         |       |     2 ||     2
